TOP OF THE 1ST |
Hendersonville Hitmen batting - Pitching for Orlando Calrissian : LHP Arturo Sánchez
|
Pitching: LHP Arturo Sánchez
|
|
Batting: RHB Eduardo García
|
0-0: Called Strike 0-1: Called Strike 0-2: Ball 1-2: Ball 2-2: Fly out, F3 (Popup, 3F)
|
Batting: LHB José Flores
|
0-0: Foul Ball, location: 2F 0-1: Foul Ball, location: 2F 0-2: Foul Ball, location: 2F 0-2: Fly out, F9 (Line Drive, 89M)
|
Batting: RHB Manolo Román
|
0-0: Ball 1-0: Ball 2-0: Called Strike 2-1: Ball 3-1: Called Strike 3-2: SINGLE (Groundball, 56D)
|
Batting: LHB Tony Abete
|
0-0: Ball 1-0: Called Strike 1-1: SINGLE (Groundball, 3D) Manolo Román to second Runner from 2nd tries for 3rd, SAFE, no throw or cutoff
|
Batting: RHB Robert Buckley
|
0-0: Called Strike 0-1: Foul Ball, location: 2F 0-2: Ball 1-2: Ball 2-2: Fly out, F5 (Line Drive, 56)
|
Top of the 1st over - 0 run(s), 2 hit(s), 0 error(s), 2 left on base; Hendersonville 0 - Orlando 0 |
BOTTOM OF THE 1ST |
Orlando Calrissian batting - Pitching for Hendersonville Hitmen : LHP Simon Martel
|
Pitching: LHP Simon Martel
|
|
Batting: RHB Naomi Kitamura
|
0-0: Fly out, F6 (Line Drive, 56)
|
Batting: RHB Frederico Hernández
|
0-0: Called Strike 0-1: Ball 1-1: Ground out 5-3 (Groundball, 5)
|
Batting: LHB Santiago Márquez
|
0-0: SINGLE (Flyball, 8RS)
|
Batting: LHB Danny Allen
|
0-0: Called Strike 0-1: Ball 1-1: Ground out 4-3 (Groundball, 4)
|
Bottom of the 1st over - 0 run(s), 1 hit(s), 0 error(s), 1 left on base; Hendersonville 0 - Orlando 0 |
TOP OF THE 2ND |
Hendersonville Hitmen batting - Pitching for Orlando Calrissian : LHP Arturo Sánchez
|
Batting: LHB Pedro Gonzáles
|
0-0: Ground out 4-3 (Groundball, 4S)
|
Batting: RHB Junior Vargas
|
0-0: Ball 1-0: Ball 2-0: Called Strike 2-1: Ball 3-1: Foul Ball, location: 2F 3-2: Strikes out looking
|
Batting: RHB Taylor McFarland
|
0-0: Swinging Strike 0-1: DOUBLE (Line Drive, 9LM)
|
Batting: RHB Robert Bly
|
0-0: Called Strike 0-1: Ball 1-1: Ball 2-1: Ball 3-1: Swinging Strike 3-2: SINGLE (Line Drive, 89S) Taylor McFarland to third Taylor McFarland scores
|
Batting: RHB Eduardo García
|
0-0: Foul Ball, location: 2F 0-1: Ball 1-1: DOUBLE (Line Drive, 78XD) Robert Bly to third
|
Batting: LHB José Flores
|
0-0: Ball 1-0: Ball 2-0: Ground out 4-3 (Groundball, 34)
|
Top of the 2nd over - 1 run(s), 3 hit(s), 0 error(s), 2 left on base; Hendersonville 1 - Orlando 0 |
BOTTOM OF THE 2ND |
Orlando Calrissian batting - Pitching for Hendersonville Hitmen : LHP Simon Martel
|
Batting: LHB Juan Colón
|
0-0: Ball 1-0: Foul Ball, location: 2F 1-1: Called Strike 1-2: Ball 2-2: Strikes out looking
|
Batting: RHB Yasuoka Tanaka
|
0-0: Called Strike 0-1: SINGLE (Groundball, 6MD)
|
Batting: RHB Enrique Bermúdez
|
0-0: Ball 1-0: Ball 2-0: Ball 3-0: Base on Balls Yasuoka Tanaka to second
|
Batting: LHB Greg Schultz
|
0-0: Grounds into double play, 1-6-3 (Groundball, 13)
|
Bottom of the 2nd over - 0 run(s), 1 hit(s), 0 error(s), 1 left on base; Hendersonville 1 - Orlando 0 |
TOP OF THE 3RD |
Hendersonville Hitmen batting - Pitching for Orlando Calrissian : LHP Arturo Sánchez
|
Batting: RHB Manolo Román
|
0-0: Called Strike 0-1: Ball 1-1: Ball 2-1: Ball 3-1: Base on Balls
|
Batting: LHB Tony Abete
|
0-0: Ball 1-0: Foul Ball, location: 2F 1-1: Ball 2-1: Grounds into double play, 4-6-3 (Groundball, 4)
|
Batting: RHB Robert Buckley
|
0-0: Ball 1-0: Ball 2-0: Ball 3-0: Base on Balls
|
Batting: LHB Pedro Gonzáles
|
0-0: Ball 1-0: Called Strike 1-1: Called Strike 1-2: Ball 2-2: Ground out 4-3 (Groundball, 4)
|
Top of the 3rd over - 0 run(s), 0 hit(s), 0 error(s), 1 left on base; Hendersonville 1 - Orlando 0 |
BOTTOM OF THE 3RD |
Orlando Calrissian batting - Pitching for Hendersonville Hitmen : LHP Simon Martel
|
Batting: LHB Juan Jose Pineda
|
0-0: Swinging Strike 0-1: Ground out 4-3 (Groundball, 4)
|
Batting: RHB Naomi Kitamura
|
0-0: Called Strike 0-1: Ball 1-1: Fly out, F6 (Popup, 6M)
|
Batting: RHB Frederico Hernández
|
0-0: Fly out, F8 (Flyball, 8RM)
|
Bottom of the 3rd over - 0 run(s), 0 hit(s), 0 error(s), 0 left on base; Hendersonville 1 - Orlando 0 |
TOP OF THE 4TH |
Hendersonville Hitmen batting - Pitching for Orlando Calrissian : LHP Arturo Sánchez
|
Batting: RHB Junior Vargas
|
0-0: Ball 1-0: Foul Ball, location: 2F 1-1: Foul Ball, location: 2F 1-2: Ball 2-2: Foul Ball, location: 2F 2-2: Fly out, F6 (Line Drive, 6)
|
Batting: RHB Taylor McFarland
|
0-0: Swinging Strike 0-1: Ball 1-1: Swinging Strike 1-2: Strikes out swinging
|
Batting: RHB Robert Bly
|
0-0: Ball 1-0: Ground out 6-3 (Groundball, 6M)
|
Top of the 4th over - 0 run(s), 0 hit(s), 0 error(s), 0 left on base; Hendersonville 1 - Orlando 0 |
BOTTOM OF THE 4TH |
Orlando Calrissian batting - Pitching for Hendersonville Hitmen : LHP Simon Martel
|
Batting: LHB Santiago Márquez
|
0-0: Ball 1-0: Called Strike 1-1: Swinging Strike 1-2: Ball 2-2: Foul Ball, location: 2F 2-2: Ground out U3 (Groundball, 3)
|
Batting: LHB Danny Allen
|
0-0: Ball 1-0: Called Strike 1-1: Foul Ball, location: 2F 1-2: Ball 2-2: Ball 3-2: Ground out 1-3 (Groundball, 23)
|
Batting: LHB Juan Colón
|
0-0: Ball 1-0: Fly out, F7 (Line Drive, 7LM)
|
Bottom of the 4th over - 0 run(s), 0 hit(s), 0 error(s), 0 left on base; Hendersonville 1 - Orlando 0 |
TOP OF THE 5TH |
Hendersonville Hitmen batting - Pitching for Orlando Calrissian : LHP Arturo Sánchez
|
Batting: RHB Eduardo García
|
0-0: Fly out, F3 (Popup, 3S)
|
Batting: LHB José Flores
|
0-0: Fly out, F9 (Flyball, 89D)
|
Batting: RHB Manolo Román
|
0-0: Ball 1-0: Ball 2-0: Ball 3-0: Base on Balls
|
Batting: LHB Tony Abete
|
0-0: Called Strike 0-1: Ball 1-1: Foul Ball, location: 2F 1-2: Strikes out looking
|
Top of the 5th over - 0 run(s), 0 hit(s), 0 error(s), 1 left on base; Hendersonville 1 - Orlando 0 |
BOTTOM OF THE 5TH |
Orlando Calrissian batting - Pitching for Hendersonville Hitmen : LHP Simon Martel
|
Batting: RHB Yasuoka Tanaka
|
0-0: Called Strike 0-1: Swinging Strike 0-2: SINGLE (Groundball, 13S) (infield hit)
|
Batting: RHB Enrique Bermúdez
|
0-0: Called Strike 0-1: Swinging Strike 0-2: Strikes out swinging
|
Batting: LHB Greg Schultz
|
0-0: Ball 1-0: Called Strike Reached via error on a dropped throw, E1 Yasuoka Tanaka to second
|
Batting: LHB Juan Jose Pineda
|
0-0: Ball 1-0: Fielders Choice at 2nd, 1-6 (Groundball, 13S) Yasuoka Tanaka to third
|
Batting: RHB Naomi Kitamura
|
0-0: Called Strike 0-1: Swinging Strike 0-2: Strikes out looking
|
Bottom of the 5th over - 0 run(s), 1 hit(s), 1 error(s), 2 left on base; Hendersonville 1 - Orlando 0 |
TOP OF THE 6TH |
Hendersonville Hitmen batting - Pitching for Orlando Calrissian : LHP Arturo Sánchez
|
Batting: RHB Robert Buckley
|
0-0: Ground out 4-3 (Groundball, 4)
|
Batting: LHB Pedro Gonzáles
|
0-0: Ball 1-0: Called Strike 1-1: Ball 2-1: Ground out 6-3 (Groundball, 6)
|
Batting: RHB Junior Vargas
|
0-0: Ball 1-0: Called Strike 1-1: Ball 2-1: Foul Ball, location: 2F 2-2: Foul Ball, location: 2F 2-2: Ball 3-2: Ground out 6-3 (Groundball, 6)
|
Top of the 6th over - 0 run(s), 0 hit(s), 0 error(s), 0 left on base; Hendersonville 1 - Orlando 0 |
BOTTOM OF THE 6TH |
Orlando Calrissian batting - Pitching for Hendersonville Hitmen : LHP Simon Martel
|
Batting: RHB Frederico Hernández
|
0-0: Ball 1-0: Foul Ball, location: 2F 1-1: Swinging Strike 1-2: Foul Ball, location: 2F 1-2: SINGLE (Line Drive, 7S)
|
Batting: LHB Santiago Márquez
|
0-0: Ball 1-0: Foul Ball, location: 2F 1-1: Foul Ball, location: 2F 1-2: Ball 2-2: Fly out, F9 (Flyball, 89M)
|
Batting: LHB Danny Allen
|
0-0: Foul Ball, location: 2F 0-1: Called Strike 0-2: Ball 1-2: Strikes out looking
|
Batting: LHB Juan Colón
|
0-0: Fielders Choice at 2nd, 5-4 (Groundball, 56)
|
Bottom of the 6th over - 0 run(s), 1 hit(s), 0 error(s), 0 left on base; Hendersonville 1 - Orlando 0 |
TOP OF THE 7TH |
Hendersonville Hitmen batting - Pitching for Orlando Calrissian : LHP Arturo Sánchez
|
Batting: RHB Taylor McFarland
|
0-0: SINGLE (Groundball, 34D)
|
Batting: RHB Robert Bly
|
0-0: Ball 1-0: Foul Ball, location: 2F 1-1: Fly out, F3 (Popup, 3F)
|
Batting: RHB Eduardo García
|
0-0: Foul Ball, location: 2F 0-1: Ball 1-1: Swinging Strike 1-2: Foul Ball, location: 2F 1-2: Ball 2-2: Foul Ball, location: 2F 2-2: Ball 3-2: Base on Balls Taylor McFarland to second
|
Pinch Hitting: RHB Bill Mark
|
0-0: Ball Taylor McFarland steals 3rd base Eduardo García to second 1-0: Ground out 5-3 (Groundball, 5D)
|
Batting: RHB Manolo Román
|
0-0: Ball 1-0: Ball 2-0: Ball 3-0: Base on Balls
|
Pitching: RHP Dave Heath
|
|
Batting: LHB Tony Abete
|
0-0: Called Strike 0-1: Swinging Strike 0-2: Ball 1-2: Fly out, F8 (Popup, 8RS)
|
Top of the 7th over - 0 run(s), 1 hit(s), 0 error(s), 3 left on base; Hendersonville 1 - Orlando 0 |
BOTTOM OF THE 7TH |
Orlando Calrissian batting - Pitching for Hendersonville Hitmen : LHP Simon Martel
|
Now at 2B: Bill Mark
|
|
Batting: RHB Yasuoka Tanaka
|
0-0: Called Strike 0-1: Fly out, F7 (Flyball, 7LM)
|
Batting: RHB Enrique Bermúdez
|
0-0: Ball 1-0: Foul Ball, location: 2F 1-1: Ball 2-1: Ball 3-1: Foul Ball, location: 2F 3-2: Foul Ball, location: 2F 3-2: SINGLE (Groundball, 34)
|
Batting: LHB Greg Schultz
|
0-0: SINGLE (Groundball, 56D) Enrique Bermúdez to second
|
Pinch Hitting: RHB Steve Brown
|
0-0: Ball 1-0: Swinging Strike 1-1: Ground out U3 (Groundball, 3) Enrique Bermúdez to third Greg Schultz to second
|
Batting: RHB Naomi Kitamura
|
0-0: Ball 1-0: Ground out 5-3 (Groundball, 5)
|
Bottom of the 7th over - 0 run(s), 2 hit(s), 0 error(s), 2 left on base; Hendersonville 1 - Orlando 0 |
TOP OF THE 8TH |
Hendersonville Hitmen batting - Pitching for Orlando Calrissian : RHP Dave Heath
|
Now in CF: Brian Price
|
|
Batting: RHB Robert Buckley
|
0-0: Foul Ball, location: 2F 0-1: Foul Ball, location: 2F 0-2: Ball 1-2: Foul Ball, location: 2F 1-2: Ball 2-2: Ball 3-2: DOUBLE (Line Drive, 9LS)
|
Pinch Hitting: SHB Tony López
|
0-0: Intentional Walk
|
Pinch Hitting: SHB David Johnstone
|
0-0: Ball 1-0: Ball 2-0: Ball 3-0: Called Strike 3-1: Foul Ball, location: 2F 3-2: Strikes out looking
|
Batting: RHB Taylor McFarland
|
0-0: Ball 1-0: Called Strike 1-1: SINGLE (Groundball, 34D) Robert Buckley to third Tony López to second
|
Batting: RHB Robert Bly
|
0-0: DOUBLE (Line Drive, 5D) Robert Buckley scores Tony López scores Taylor McFarland to third
|
Batting: RHB Eduardo García
|
0-0: Called Strike 0-1: Swinging Strike 0-2: Fly out, F7 (Flyball, 7M) Runner from 3rd tags up, SCORES, throw made
|
Pitching: RHP Ramón Soto
|
|
Batting: RHB Bill Mark
|
0-0: Ball 1-0: Ball 2-0: Ball 3-0: Base on Balls
|
Batting: RHB Manolo Román
|
0-0: Ball 1-0: Ground out 1-3 (Groundball, 56S)
|
Top of the 8th over - 3 run(s), 3 hit(s), 0 error(s), 2 left on base; Hendersonville 4 - Orlando 0 |
BOTTOM OF THE 8TH |
Orlando Calrissian batting - Pitching for Hendersonville Hitmen : LHP Simon Martel
|
Now in CF: Tony López
|
|
Now in RF: David Johnstone
|
|
Batting: RHB Frederico Hernández
|
0-0: Ball 1-0: Ball 2-0: Ball 3-0: Foul Ball, location: 2F 3-1: Swinging Strike 3-2: Ground out 4-3 (Groundball, 4M)
|
Batting: LHB Santiago Márquez
|
0-0: Foul Ball, location: 2F 0-1: Ball 1-1: Ball 2-1: Fly out, F8 (Flyball, 89XD)
|
Batting: LHB Danny Allen
|
0-0: Ball 1-0: Foul Ball, location: 2F 1-1: Ball 2-1: Foul Ball, location: 2F 2-2: Ball 3-2: SINGLE (Line Drive, 4M)
|
Batting: LHB Juan Colón
|
0-0: Ground out 4-3 (Groundball, 4)
|
Bottom of the 8th over - 0 run(s), 1 hit(s), 0 error(s), 1 left on base; Hendersonville 4 - Orlando 0 |
TOP OF THE 9TH |
Hendersonville Hitmen batting - Pitching for Orlando Calrissian : RHP Ramón Soto
|
Pitching: LHP Tomiji Takuda
|
|
Batting: LHB Tony Abete
|
0-0: SINGLE (Line Drive, 4MD)
|
Batting: RHB Robert Buckley
|
0-0: Called Strike 0-1: Ball 1-1: Grounds into double play, 6-4-3 (Groundball, 6)
|
Batting: SHB Tony López
|
0-0: Ball 1-0: Foul Ball, location: 2F 1-1: Called Strike 1-2: Strikes out swinging
|
Top of the 9th over - 0 run(s), 1 hit(s), 0 error(s), 0 left on base; Hendersonville 4 - Orlando 0 |
BOTTOM OF THE 9TH |
Orlando Calrissian batting - Pitching for Hendersonville Hitmen : LHP Simon Martel
|
Batting: RHB Yasuoka Tanaka
|
0-0: Ball 1-0: Ball 2-0: Called Strike 2-1: Ball 3-1: Called Strike Error on foul ball, E9 3-2: Ground out 6-3 (Groundball, 6M)
|
Pitching: RHP Robinson Gonzáles
|
|
Batting: RHB Enrique Bermúdez
|
0-0: Foul Ball, location: 2F 0-1: Foul Ball, location: 2F 0-2: Ball 1-2: Ball 2-2: Ball 3-2: Fly out, F6 (Line Drive, 6)
|
Batting: LHB Greg Schultz
|
0-0: Ball 1-0: Ball 2-0: Foul Ball, location: 2F 2-1: Foul Ball, location: 2F 2-2: Ball 3-2: SINGLE (Line Drive, 34)
|
Batting: SHB Brian Price
|
0-0: Called Strike 0-1: Called Strike 0-2: Foul Ball, location: 2F 0-2: Fly out, F2 (Popup, 2LF)
|
Bottom of the 9th over - 0 run(s), 1 hit(s), 1 error(s), 1 left on base; Hendersonville 4 - Orlando 0 |
|